 Dungeon Crawl Stone Soup version 0.19.5 (webtiles) character file.

691 IcySystem the Sneak (level 7, -1/32 HPs)
             Began as a Spriggan Enchanter on May 23, 2017.
             Killed by nerve-wracking pain
             ... invoked by an orc priest
              (2 damage)
             ... on level 4 of the Dungeon on May 24, 2017.
             The game lasted 00:22:48 (7654 turns).

IcySystem the Sneak (Spriggan Enchanter)            Turns: 7654, Time: 00:22:48

Health: -1/32      AC:  6    Str:  4    XL:     7   Next: 36%
Magic:  1/18       EV: 18    Int: 16    God:
Gold:   208        SH:  0    Dex: 19    Spells: 3 memorised, 13 levels left

rFire  . . .     SeeInvis +     n - +2 dagger (speed)
rCold  . . .     Gourm    .     b - +1 robe
rNeg   . . .     Faith    .     (shield restricted)
rPois  .         Spirit   .     (helmet restricted)
rElec  .         Reflect  .     (no cloak)
rCorr  .         Harm     .     (gloves unavailable)
MR     +....                    (boots unavailable)
Stlth  ++++......               (no amulet)
                                q - +3 ring of protection (curse)
                                m - ring of wizardry

@: very quick
A: unfitting armour, see invisible, herbivore 3, speed 3, slow metabolism 2
a: no special abilities


You were on level 4 of the Dungeon.
You were hungry.

You visited 1 branch of the dungeon, and saw 4 of its levels.

You collected 208 gold pieces.

Inventory:

Hand Weapons
 a - a +1 dagger
 k - a +0 dagger
 n - a +2 dagger of speed (weapon)
Armour
 b - a +1 robe (worn)
Jewellery
 m - a ring of wizardry (left hand)
 q - a cursed +3 ring of protection (right hand)
Scrolls
 d - a scroll of noise {unknown}
 f - 2 scrolls of remove curse {unknown}
 g - a scroll of enchant armour {unknown}
 j - 2 scrolls of magic mapping {unknown}
 l - 2 scrolls of teleportation {unknown}
 p - a scroll of blinking {unknown}
 s - a scroll of recharging {unknown}
 t - 4 scrolls of identify {unknown}
 u - 2 scrolls of enchant weapon {unknown}
 w - a scroll of amnesia {unknown}
 y - 4 scrolls of fear {unknown}
 D - a scroll of immolation {unknown}
Potions
 e - a potion of cure mutation
 h - a potion of cancellation
 i - a potion of brilliance {unknown}
 o - 2 potions of agility
 r - a potion of curing
 v - a potion of flight {unknown}
 z - a potion of haste {unknown}
 A - a potion of degeneration {unknown}
Books
 c - a book of Maledictions

   Spells                             Type                      Level
   a - Corona                         Hexes                        1
   b - Ensorcelled Hibernation        Hexes/Ice                    2
   c - Confuse                        Hexes                        3
   d - Tukima's Dance                 Hexes                        3
   e - Dazzling Spray                 Conjuration/Hexes            3
 B - a book of Air

   Spells                             Type                      Level
   a - Shock                          Conjuration/Air              1
   b - Swiftness                      Charms/Air                   2
   c - Repel Missiles                 Charms/Air                   2
   d - Static Discharge               Conjuration/Air              3
   e - Lightning Bolt                 Conjuration/Air              5
Comestibles
 x - 2 bread rations
 C - a royal jelly


   Skills:
 * Level 5.0 Short Blades
 - Level 3.0 Dodging
 + Level 7.2 Stealth
 - Level 7.0 Spellcasting
 - Level 4.0 Hexes


You had 13 spell levels left.
You knew the following spells:

 Your Spells              Type           Power        Failure   Level  Hunger
a - Corona                Hex            ###....      1%          1    None
b - Dazzling Spray        Conj/Hex       ##....       7%          3    ##.....
c - Confuse               Hex            ###.....     4%          3    ##.....


Dungeon Overview and Level Annotations

Branches:
Dungeon (4/15)
 Temple: D:4-7

Altars:
Trog


Innate Abilities, Weirdness & Mutations

You are very small and have problems with some larger weapons.
You are too small for most types of armour.
You have supernaturally acute eyesight. (SInv)
You are a herbivore.
You cover ground extremely quickly.
You need consume almost no food.


Message History

Aiming: Confuse
Press: ? - help, Shift-Dir - straight line, f/p - orc priest
Aim: an orc priest, wielding a falchion and wearing a chain mail (lightly wounded, chance to defeat MR: 49%)
The orc priest resists with some effort.
Casting: Confuse
Confirm with . or Enter, or press ? or * to list all spells.
Aiming: Confuse
Press: ? - help, Shift-Dir - straight line, f/p - orc priest
Aim: an orc priest, wielding a falchion and wearing a chain mail (lightly wounded, chance to defeat MR: 49%)
The orc priest resists with some effort.
You are feeling hungry.
The orc priest hits you but does no damage.
You hit the orc priest.
The orc priest is moderately wounded.
The orc priest calls down the wrath of Beogh upon you.
Beogh smites you!
* * * LOW HITPOINT WARNING * * *
The orc priest calls down the wrath of Beogh upon you.
Pain shoots through your body!
You die...

#####
###########
.....
.........
#.... #......#
. #......#
#...o..# #...#
#...# #..@#
##+# #...#
...# #...#####
#..# #.......#
#..# #.......#
.# ##..#
#.......# ..#
.)[.#
#.......# ..#
###.#
#.......# ...#
#.#
#.......##...#


You could see an orc priest.

Vanquished Creatures
  Eustachio (D:4)
  2 ogres (D:4)
  A scorpion (D:3)
  An orc priest (D:4)
  A bullfrog skeleton (D:4)
  2 worker ants (D:4)
  3 gnolls
  8 adders
  2 oozes
  A worm (D:3)
  4 dart slugs
  6 leopard geckos
  9 orcs
  8 bats
  3 giant cockroaches
  6 goblins
  17 hobgoblins
  11 jackals
  A quokka (D:3)
  3 frilled lizards
  4 kobolds
  6 rats
100 creatures vanquished.

Notes
Turn   | Place    | Note
-------+----------+-------------------------------------------
     0 | D:1      | IcySystem the Spriggan Enchanter began the quest for the Orb.
     0 | D:1      | Reached XP level 1. HP: 9/9 MP: 5/5
    79 | D:1      | Reached XP level 2. HP: 13/13 MP: 5/7
  1411 | D:1      | Reached XP level 3. HP: 12/16 MP: 9/9
  1487 | D:1      | Learned a level 3 spell: Dazzling Spray
  1491 | D:1      | Learned a level 3 spell: Confuse
  3029 | D:2      | Reached skill level 5 in Spellcasting
  3180 | D:2      | Reached XP level 4. HP: 21/21 MP: 12/12
  4447 | D:3      | Reached XP level 5. HP: 12/24 MP: 14/14
  5091 | D:3      | Found a faded altar of an unknown god.
  5214 | D:3      | Found a bloodstained altar of Trog.
  5369 | D:4      | Noticed an ogre
  5390 | D:4      | Killed an ogre
  5390 | D:4      | Reached skill level 5 in Stealth
  5390 | D:4      | Reached XP level 6. HP: 28/28 MP: 7/17
  5525 | D:4      | Noticed Eustachio
  6724 | D:4      | Killed Eustachio
  6760 | D:4      | Reached XP level 7. HP: 18/32 MP: 1/18
  7570 | D:4      | Reached skill level 5 in Short Blades
  7652 | D:4      | HP: 1/32 [orc priest/divine providence (15)]
  7654 | D:4      | Killed from afar by an orc priest

Skill      XL: |  1  2  3  4  5  6  7 |
---------------+----------------------+-----
Spellcasting   | 3 4 5 6 7 |  7.0
Hexes          | 4 |  4.0
Short Blades   | 2 4 5 |  5.0
Stealth        | 5 6 7 |  7.2
Dodging        | |  3.0

Action                   |  1- 3 |  4- 6 |  7- 9 || total
-------------------------+-------+-------+-------++-------
Melee: Dagger            |   156 |   355 |    84 ||   595
 Cast: Confuse           |     1 |    14 |    10 ||    25
       Dazzling Spray    |     1 |     4 |     2 ||     7
  Use: Potion            |       |     3 |       ||     3
 Stab: Sleeping          |     8 |    14 |       ||    22
       Confused          |     1 |     6 |     2 ||     9
       Distracted        |       |     1 |       ||     1
       Invisible         |       |       |     1 ||     1
  Eat: Bread ration      |       |     1 |       ||     1
Armor: Robe              |    20 |    17 |     7 ||    44
Dodge: Dodged            |   116 |   187 |    31 ||   334
